 Dungeon Crawl Stone Soup version 0.29.1-15-g9cfb28693d (webtiles) character file.

Game seed: 7150688578868437170

21 croobank the Sneak (level 2, -2/21 HPs)
             Began as an Octopode Delver on Mar 11, 2023.
             Succumbed to an adder's poison
             ... in a sewer.
             The game lasted 00:01:08 (276 turns).

croobank the Sneak (Octopode Delver)                 Turns: 276, Time: 00:01:09

Health: -2/21      AC:  1    Str: 11    XL:     2   Next: 87%
Magic:  2/2        EV: 10    Int: 12    God:
Gold:   0          SH:  0    Dex: 13    Spells: 1/1 levels left

rFire   + . .      SeeInvis .   a - +0 hand axe
rCold   + . .      Faith    .   (no shield)
rNeg    . . .      Spirit   .   (helmet restricted)
rPois   +          Reflect  .   (no amulet)
rElec   +          Harm     .   (no ring)
rCorr   +          Rampage  .   (no ring)
Will    .....                   (no ring)
Stlth   ++++......              (no ring)
HPRegen 0.07/turn               (no ring)
MPRegen 0.08/turn               (no ring)
                                (no ring)
                                (no ring)

@: brilliant, lethally poisoned (-2 -> -16), resistant, constricted
A: almost no armour, amphibious, 8 rings, camouflage 1, gelatinous body 1,
(nimble swimmer 1), tentacles
a: no special abilities


You were in a sewer.
You visited 1 branch of the dungeon, and saw 3 of its levels.
You also visited: Sewer.

Inventory:

Hand Weapons
 a - a +0 hand axe (weapon)
Wands
 f - a wand of digging (3)
Scrolls
 b - a scroll of fog
 d - a scroll of enchant armour {unknown}
 h - a scroll of poison {unknown}
Potions
 e - a potion of haste


   Skills:
 + Level 3.2 Fighting
 + Level 2.3 Axes
 + Level 2.3 Dodging
 + Level 6.9 Stealth


You had one spell level left.
You didn't know any spells.
Your spell library contained the following spells:

 Spells                   Type           Power      Damage    Failure   Level
 Ozocubu's Armour         Ice            0%         N/A       69%         3
 Metabolic Englaciation   Hex/Ice        0%         N/A       100%        5
 Simulacrum               Ice/Necr       0%         N/A       100%        6


Dungeon Overview and Level Annotations

Branches:
Dungeon (7/15)              Sewer (1/1)
 Temple: D:4-7

Altars:


Innate Abilities, Weirdness & Mutations

You cannot wear most types of armour.
You are amphibious.
You can wear up to eight rings at the same time.
Your skin changes colour to match your surroundings (Stealth+).
Your rubbery body absorbs attacks. (AC +1, EV +1)
((You are camouflaged when in or above water. (Stealth+)))
You have tentacles for arms and can constrict up to eight enemies at once.


Message History

You closely miss the rat. Your grab misses the rat.
You hit the plant but do no damage. The rat misses you.
You hit the rat but do no damage. You grab the rat. You hit the plant.
The plant begins to die.
You constrict the rat.
You kill the rat!
A ball python comes into view.
The adder hisses angrily.
A rat comes into view.
The adder barely misses you.
The ball python hisses angrily.
You hit the adder. Your grab misses the adder.
The adder is lightly wounded.
A nearby plant withers and dies.
The adder barely misses you. The adder bites you.
You are poisoned.
The adder poisons you!
You hit the adder but do no damage. Your grab misses the adder.
The adder is lightly wounded.
You feel sick. The adder bites you.
You hit the adder but do no damage. Your grab misses the adder.
Your squeeze misses the adder.
The adder is lightly wounded.
You hit the ball python.
You feel sick. The adder bites you.
You are more poisoned.
The adder poisons you! The ball python barely misses you. x2
The adder bites you.
You are more poisoned.
The adder poisons you! The ball python bites you.
* * * LOW HITPOINT WARNING * * *
The ball python grabs you. The ball python constricts you.
You are too injured to fight recklessly!
It was a potion of resistance.
You feel protected.
* * * LOW HITPOINT WARNING * * *
You feel very sick. The adder barely misses you.
The ball python completely misses you. The ball python constricts you.
The rat closely misses you.
It was a potion of brilliance.
You feel clever all of a sudden.
You die...

#..P..#
#.....#
#.....#
##.....#
#......#~≈~~~.
#......#~≈~~~~
#.SSr..#~≈~~~
#..@...#~≈~#
#....~~#~~~#
##...~~#~≈~#
##...~~~~≈~#
#....~~~~≈~#
###...P#~≈~#
#....#~≈~#
##++##~~~#
#~≈~#


You could see an adder, a ball python and a rat.

Vanquished Creatures
  A river rat (D:5)
  A shadow imp (D:7)
  2 giant cockroaches (D:5)
  2 rats
6 creatures vanquished.

Vanquished Creatures (others)
  A plant (Sewer)
1 creature vanquished.

Grand Total: 7 creatures vanquished

Notes
Turn   | Place    | Note
-------+----------+-------------------------------------------
     0 | D:5      | croobank the Octopode Delver began the quest for the Orb.
     0 | D:5      | Reached XP level 1. HP: 16/16 MP: 1/1
    92 | D:7      | Reached XP level 2. HP: 21/21 MP: 2/2
   127 | D:5      | Noticed a scorpion
   201 | D:5      | Found a glowing drain.
   206 | Sewer    | Entered a sewer
   275 | Sewer    | HP: 1/21 [poisoned by an adder]
   276 | Sewer    | Succumbed to an adder's poison

Illustrated notes

Levels and vault maps discovered:
D:5:      layout_cave_pools, good_gods_mini_temple, nicolae_overflow_squiral,
          serial_shops, nicolae_shop_statue_plus, serial_co_window_serial,
          co_window_corner_a, co_window_corner_a, co_window_cross_1,
          co_window_paths_a, co_window_paths_b, co_window_paths_b,
          co_window_paths_a, co_window_broadway_c, co_window_of_opportunity_c,
          co_window_broadway_c, co_window_broadway_a, co_window_paths_e,
          glass_columns_a, glass_columns_b, glass_columns_a, glass_columns_a,
          glass_columns_b, gup_sewer_entry_bowl, grunt_decor_fettered,
          reono_crystal_passage
D:6:      lemuel_slime, layout_basic, nicolae_overflow_hidden_temple,
          hangedman_abyss_or_decor_lesser_grid
D:7:      layout_loops_corners, gammafunk_ghost_nasty_kobolds,
          ebering_dispersal_statue_hall, small_statue_intersection,
          chequers_serial_rivers_marsh
Sewer:    kennysheep_pipe_town

Action                   || total
-------------------------++-------
Melee: Hand axe          ||    12
       Constrict         ||     4
       Tentacles         ||     3
  Use: Scroll            ||     2
       Potion            ||     2
 Stab: Sleeping          ||     1
Dodge: Dodged            ||    13
